ORI
UNIVERSITY OF VIRGINIA CAVALIERS @ UNIVERSITY OF GEORGIA BULLDOGS
08/27/2046
 
TOP OF THE 1ST
University of Virginia Cavaliers batting - Pitching for University of Georgia Bulldogs : RHP Norbaer Oomen
Pitching: RHP Norbaer Oomen
Batting: RHB Scott Anderson 0-0: Ball
1-0: Foul Ball, location: 2F
1-1: Swinging Strike
1-2: Foul Ball, location: 2F
1-2: Strikes out swinging
Batting: LHB Gary Corrales 0-0: Called Strike
0-1: Swinging Strike
0-2: Foul Ball, location: 2F
0-2: Foul Ball, location: 2F
0-2: Strikes out swinging
Batting: LHB Josh Glass 0-0: Called Strike
0-1: Foul Ball, location: 2F
0-2: Ball
1-2: Ball
2-2: Strikes out looking
Top of the 1st over - 0 runs, 0 hits, 0 errors, 0 left on base; University of Virginia 0 - University of Georgia 0
BOTTOM OF THE 1ST
University of Georgia Bulldogs batting - Pitching for University of Virginia Cavaliers : LHP Jerry Trevizo
Pitching: LHP Jerry Trevizo
Batting: RHB Jeff Wornick 0-0: Ball
1-0: Foul Ball, location: 2F
1-1: Foul Ball, location: 2F
1-2: Foul Ball, location: 2F
1-2: Ground out 5-3 (Groundball, 56S, EV 87.5 MPH)
Batting: LHB Casey Bass 0-0: Foul Ball, location: 2F
0-1: Ball
1-1: Ball
2-1: Swinging Strike
2-2: Ground out 5-3 (Groundball, 5, EV 95.6 MPH)
Batting: RHB James Warby 0-0: Foul Ball, location: 2F
0-1: Foul Ball, location: 2F
0-2: Ball
1-2: Ground out U3 (Groundball, 13, EV 86.2 MPH)
Bottom of the 1st over - 0 runs, 0 hits, 0 errors, 0 left on base; University of Virginia 0 - University of Georgia 0
TOP OF THE 2ND
University of Virginia Cavaliers batting - Pitching for University of Georgia Bulldogs : RHP Norbaer Oomen
Batting: RHB Pedro Lopez 0-0: Ball
1-0: Ball
2-0: Fly out, F8 (Flyball, 8LD, EV 88.8 MPH)
Batting: LHB Alex Aguilar 0-0: Ball
1-0: Foul Ball, location: 2F
1-1: Foul Ball, location: 2F
1-2: Strikes out swinging
Batting: RHB Mike Llamas 0-0: Ground out 4-3 (Groundball, 4, EV 85.0 MPH)
Top of the 2nd over - 0 runs, 0 hits, 0 errors, 0 left on base; University of Virginia 0 - University of Georgia 0
BOTTOM OF THE 2ND
University of Georgia Bulldogs batting - Pitching for University of Virginia Cavaliers : LHP Jerry Trevizo
Batting: RHB Rodolfo Solis 0-0: Ground out 6-3 (Groundball, 56D, EV 104.4 MPH)
Batting: RHB Murilo Cunha 0-0: Ball
1-0: Ground out 5-3 (Groundball, 5, EV 83.1 MPH)
Batting: RHB Pete Goerge 0-0: Fly out, F8 (Flyball, 8LS, EV 87.5 MPH)
Bottom of the 2nd over - 0 runs, 0 hits, 0 errors, 0 left on base; University of Virginia 0 - University of Georgia 0
TOP OF THE 3RD
University of Virginia Cavaliers batting - Pitching for University of Georgia Bulldogs : RHP Norbaer Oomen
Batting: RHB Teddy Bonaddio 0-0: Called Strike
0-1: Ground out 5-3 (Groundball, 56, EV 99.4 MPH)
Batting: LHB Edelberto Barbas 0-0: Swinging Strike
0-1: Swinging Strike
0-2: Strikes out swinging
Batting: RHB Victor Garcia 0-0: Ground out 1-3 (Groundball, 34S, EV 65.6 MPH)
Top of the 3rd over - 0 runs, 0 hits, 0 errors, 0 left on base; University of Virginia 0 - University of Georgia 0
BOTTOM OF THE 3RD
University of Georgia Bulldogs batting - Pitching for University of Virginia Cavaliers : LHP Jerry Trevizo
Batting: LHB Milton Yeo 0-0: Called Strike
0-1: Swinging Strike
0-2: Ball
1-2: SINGLE (Line Drive, 78S, EV 92.5 MPH)
Batting: LHB Troy Jones 0-0: Foul Ball, location: 2F
0-1: Foul Ball, location: 2F
0-2: Strikes out swinging
Batting: RHB Xin Zhang 0-0: Called Strike
0-1: Fly out, F3 (Line Drive, 34, EV 66.2 MPH)
Lined into DP, U3 (Line Drive, 34, EV 66.2 MPH)
Bottom of the 3rd over - 0 runs, 1 hit, 0 errors, 0 left on base; University of Virginia 0 - University of Georgia 0
TOP OF THE 4TH
University of Virginia Cavaliers batting - Pitching for University of Georgia Bulldogs : RHP Norbaer Oomen
Batting: RHB Scott Anderson 0-0: Foul Ball, location: 2F
0-1: Swinging Strike
0-2: Ball
1-2: Ground out 4-3 (Groundball, 4, EV 83.8 MPH)
Batting: LHB Gary Corrales 0-0: Called Strike
0-1: Called Strike
0-2: Ball
1-2: Ball
2-2: Fly out, F7 (Flyball, 78D, EV 100.0 MPH)
Batting: LHB Josh Glass 0-0: Ball
1-0: Foul Ball, location: 2F
1-1: Swinging Strike
1-2: Ball
2-2: Ball
3-2: Ground out 4-3 (Groundball, 34D, EV 108.1 MPH)
Top of the 4th over - 0 runs, 0 hits, 0 errors, 0 left on base; University of Virginia 0 - University of Georgia 0
BOTTOM OF THE 4TH
University of Georgia Bulldogs batting - Pitching for University of Virginia Cavaliers : LHP Jerry Trevizo
Batting: RHB Jeff Wornick 0-0: DOUBLE (Groundball, 3L, EV 110.0 MPH)
Batting: LHB Casey Bass 0-0: Swinging Strike
0-1: Swinging Strike
0-2: Strikes out swinging
Batting: RHB James Warby 0-0: Ball
1-0: Called Strike
Jeff Wornick is caught stealing 3rd base 2-5
1-1: SINGLE (Groundball, 34D, EV 94.4 MPH)
Batting: RHB Rodolfo Solis Pickoff Throw to First - Out! 1-3
Bottom of the 4th over - 0 runs, 2 hits, 0 errors, 0 left on base; University of Virginia 0 - University of Georgia 0
TOP OF THE 5TH
University of Virginia Cavaliers batting - Pitching for University of Georgia Bulldogs : RHP Norbaer Oomen
Batting: RHB Pedro Lopez 0-0: Ground out 6-3 (Groundball, 6, EV 85.0 MPH)
Batting: LHB Alex Aguilar 0-0: Swinging Strike
0-1: Ball
1-1: Called Strike
1-2: Ball
2-2: SINGLE (Line Drive, 3D, EV 95.0 MPH)
Batting: RHB Mike Llamas 0-0: Called Strike
0-1: Ball
1-1: Foul Ball, location: 2F
1-2: Strikes out swinging
Batting: RHB Teddy Bonaddio 0-0: Ground out U3 (Groundball, 3, EV 81.2 MPH)
Top of the 5th over - 0 runs, 1 hit, 0 errors, 1 left on base; University of Virginia 0 - University of Georgia 0
BOTTOM OF THE 5TH
University of Georgia Bulldogs batting - Pitching for University of Virginia Cavaliers : LHP Jerry Trevizo
Batting: RHB Rodolfo Solis 0-0: Ball
1-0: Called Strike
1-1: Called Strike
1-2: Ball
2-2: Reached on error, E5 (Groundball, 56, EV 84.4 MPH)
Batting: RHB Murilo Cunha 0-0: Ground out 5-3 (Groundball, 5, EV 106.9 MPH)
Batting: RHB Pete Goerge 0-0: Fly out, F5 (Line Drive, 5L, EV 70.0 MPH)
Batting: LHB Milton Yeo 0-0: Ball
1-0: Fly out, F7 (Flyball, 78M, EV 88.8 MPH)
Bottom of the 5th over - 0 runs, 0 hits, 1 error, 1 left on base; University of Virginia 0 - University of Georgia 0
TOP OF THE 6TH
University of Virginia Cavaliers batting - Pitching for University of Georgia Bulldogs : RHP Norbaer Oomen
Batting: LHB Edelberto Barbas 0-0: Ball
1-0: Called Strike
1-1: Called Strike
1-2: Strikes out swinging
Batting: RHB Victor Garcia 0-0: Ball
1-0: Ball
2-0: Ball
3-0: Called Strike
3-1: Ground out 6-3 (Groundball, 6, EV 87.5 MPH)
Batting: RHB Scott Anderson 0-0: Ball
1-0: Foul Ball, location: 2F
1-1: Called Strike
1-2: Fly out, F9 (Flyball, 9S, EV 85.0 MPH)
Top of the 6th over - 0 runs, 0 hits, 0 errors, 0 left on base; University of Virginia 0 - University of Georgia 0
BOTTOM OF THE 6TH
University of Georgia Bulldogs batting - Pitching for University of Virginia Cavaliers : LHP Jerry Trevizo
Batting: LHB Troy Jones 0-0: Called Strike
0-1: Ball
1-1: Ball
2-1: Ground out U3 (Groundball, 3S, EV 87.5 MPH)
Batting: RHB Xin Zhang 0-0: Swinging Strike
0-1: Ball
1-1: Called Strike
1-2: Ball
2-2: Strikes out looking
Batting: RHB Jeff Wornick 0-0: Fly out, F7 (Flyball, 78M, EV 93.1 MPH)
Bottom of the 6th over - 0 runs, 0 hits, 0 errors, 0 left on base; University of Virginia 0 - University of Georgia 0
TOP OF THE 7TH
University of Virginia Cavaliers batting - Pitching for University of Georgia Bulldogs : RHP Norbaer Oomen
Batting: LHB Gary Corrales 0-0: Fly out, F7 (Flyball, 7, EV 90.0 MPH)
Batting: LHB Josh Glass 0-0: Ball
1-0: Fly out, F7 (Flyball, 7LM, EV 101.9 MPH)
Batting: RHB Pedro Lopez 0-0: Ball
1-0: Called Strike
1-1: Ball
2-1: Called Strike
2-2: Strikes out swinging
Top of the 7th over - 0 runs, 0 hits, 0 errors, 0 left on base; University of Virginia 0 - University of Georgia 0
BOTTOM OF THE 7TH
University of Georgia Bulldogs batting - Pitching for University of Virginia Cavaliers : LHP Jerry Trevizo
Batting: LHB Casey Bass 0-0: Swinging Strike
0-1: Ball
1-1: SINGLE (Groundball, 6D, EV 100.6 MPH)
Batting: RHB James Warby 0-0: Foul Ball, location: 2F
0-1: Ball
1-1: Foul Ball, location: 2F
1-2: Foul Ball, location: 2F
1-2: Ball
2-2: Fielders Choice at 2nd, 2-4 (Groundball, 2L, EV 70.0 MPH)
Batting: RHB Rodolfo Solis 0-0: 2-RUN HOME RUN (Flyball, 78XD, EV 110.0 MPH), Distance : 405 ft
Batting: RHB Murilo Cunha 0-0: Ball
1-0: Called Strike
1-1: Swinging Strike
1-2: Foul Ball, location: 2F
1-2: Ground out 4-3 (Groundball, 4, EV 102.5 MPH)
Batting: RHB Pete Goerge 0-0: Foul Ball, location: 2F
0-1: Foul Ball, location: 2F
0-2: Foul Ball, location: 2F
0-2: Foul Ball, location: 2F
0-2: Ball
1-2: DOUBLE (Groundball, 3L, EV 106.2 MPH) - OUT at third base trying to stretch hit.
Bottom of the 7th over - 2 runs, 3 hits, 0 errors, 0 left on base; University of Virginia 0 - University of Georgia 2
TOP OF THE 8TH
University of Virginia Cavaliers batting - Pitching for University of Georgia Bulldogs : RHP Norbaer Oomen
Pitching: RHP Lev Rozinov
Batting: LHB Alex Aguilar 0-0: Ball
1-0: Ground out 6-3 (Groundball, 6, EV 85.6 MPH)
Pinch Hitting: LHB Ray Nichter 0-0: Called Strike
0-1: Ball
1-1: Ball
2-1: Called Strike
2-2: Ball
3-2: Strikes out swinging
Batting: RHB Leo Baxter 0-0: Called Strike
0-1: Ball
1-1: Ground out U3 (Groundball, 34, EV 104.4 MPH)
Top of the 8th over - 0 runs, 0 hits, 0 errors, 0 left on base; University of Virginia 0 - University of Georgia 2
BOTTOM OF THE 8TH
University of Georgia Bulldogs batting - Pitching for University of Virginia Cavaliers : LHP Jerry Trevizo
Now at 3B: Ray Nichter
Batting: RHB Ed Howard 0-0: Ball
1-0: Ground out U3 (Groundball, 23, EV 81.2 MPH)
Pitching: LHP Juan Quiroz
Batting: LHB Troy Jones 0-0: Called Strike
0-1: Ball
1-1: DOUBLE (Line Drive, 9LS, EV 91.9 MPH)
Batting: RHB Xin Zhang 0-0: Swinging Strike
0-1: Ball
1-1: Called Strike
1-2: Ball
2-2: Ball
3-2: Base on Balls
Batting: RHB Jeff Wornick 0-0: Foul Ball, location: 2F
0-1: Foul Ball, location: 2F
0-2: Foul Ball, location: 2F
0-2: Ball
1-2: Ball
2-2: Ball
3-2: Foul Ball, location: 2F
3-2: Grounds into double play, 5-4-3 (Groundball, 56, EV 84.4 MPH)
Bottom of the 8th over - 0 runs, 1 hit, 0 errors, 1 left on base; University of Virginia 0 - University of Georgia 2
TOP OF THE 9TH
University of Virginia Cavaliers batting - Pitching for University of Georgia Bulldogs : RHP Lev Rozinov
Pitching: LHP Danny Montoya
Now at 1B: Casey Bass
Now at 3B: Luis Mejia
Now in RF: Dennis Klein
Pinch Hitting: RHB Rob Coble 0-0: Called Strike
0-1: Ground out 3-1 (Groundball, 34S, EV 83.1 MPH)
Pinch Hitting: RHB Maurice McDonald 0-0: Ball
1-0: Ball
2-0: Ball
3-0: Base on Balls
Pinch Hitting: RHB Jason Lambert 0-0: Ball
1-0: Ball
2-0: Ball
3-0: Base on Balls
Maurice McDonald to second
Pinch Hitting: LHB Pat Costello 0-0: Called Strike
0-1: Called Strike
0-2: Ball
1-2: Ball
2-2: Ball
3-2: Fielders Choice at 2nd, 5-4 (Groundball, 56, EV 100.6 MPH)
Maurice McDonald to third
Pinch Hitting: RHB Jason Thresher 0-0: Called Strike
0-1: Ball
1-1: Ball
2-1: Foul Ball, location: 2F
2-2: Foul Ball, location: 2F
2-2: Foul Ball, location: 2F
2-2: SINGLE (Line Drive, 9, EV 92.5 MPH)
Maurice McDonald scores
Pat Costello to second
Runner from 2nd tries for 3rd, SAFE, throw by RF made to third
Pinch Hitting: LHB Eddie Vidalez 0-0: Fly out, F7 (Flyball, 7D, EV 101.2 MPH)
Top of the 9th over - 1 run, 1 hit, 0 errors, 2 left on base; University of Virginia 1 - University of Georgia 2
Tuesday, September 13th , 2022 - OOTP Baseball 23.7 Build 88